 Dungeon Crawl Stone Soup version 0.21-a0-450-gd87a9b2 (webtiles) character file.

4 Zeege the Firebug (level 1, -2/10 HPs)
             Began as a Gargoyle Fire Elementalist on Nov 19, 2017.
             Slain by a hobgoblin (4 damage)
             ... on level 1 of the Dungeon.
             The game lasted 00:00:36 (51 turns).

Zeege the Firebug (Gargoyle Fire Elementalist)        Turns: 51, Time: 00:00:37

Health: -2/10      AC:  4    Str: 11    XL:     1   Next: 60%
Magic:  0/3        EV: 12    Int: 15    God:
Gold:   0          SH:  0    Dex: 10    Spells: 3/4 levels left

rFire    . . .     SeeInvis .   (no weapon)
rCold    . . .     Gourm    .   (no shield)
rNeg     + . .     Faith    .   a - +0 robe
rPois    ∞         Spirit   .   (no helmet)
rElec    +         Reflect  .   (no cloak)
rCorr    .         Harm     .   (no gloves)
MR       .....                  (no boots)
Stlth    ++........             (no amulet)
HPRegen  0.03/turn              (no ring)
MPRegen  0.08/turn              (no ring)

@: no status effects
A: negative energy resistance 1, electricity resistance, unbreathing,
petrification resistance, rot immunity, AC +2
a: no special abilities


You were on level 1 of the Dungeon.
You were not hungry.

You visited 1 branch of the dungeon, and saw 1 of its levels.

Inventory:

Armour
 a - a +0 robe (worn)
Books
 b - a book of Flames

   Spells                             Type                      Level
   a - Flame Tongue                   Conjuration/Fire             1
   b - Throw Flame                    Conjuration/Fire             2
   c - Conjure Flame                  Conjuration/Fire             3
   d - Inner Flame                    Hexes/Fire                   3
   e - Sticky Flame                   Conjuration/Fire             4
   f - Fireball                       Conjuration/Fire             5
Comestibles
 c - a bread ration


   Skills:
 - Level 1.5 Dodging
 - Level 2.1 Stealth
 + Level 2.1 Spellcasting
 * Level 1.1 Conjurations
 * Level 3.1 Fire Magic


You had 3 spell levels left.
You knew the following spells:

 Your Spells              Type           Power        Failure   Level  Hunger
a - Flame Tongue          Conj/Fire      #....        9%          1    #......


Dungeon Overview and Level Annotations

Branches:
Dungeon (1/15)

Altars:


Innate Abilities, Weirdness & Mutations

You are resistant to torment.
Your stone body is resilient. (AC +2)
You are immune to poison.
You resist negative energy. (rN+)
You are resistant to electric shocks. (rElec)
You can survive without breathing.
You are immune to petrification.
You are immune to rotting.


Message History

The kobold is severely wounded.
The bat hits you but does no damage. x2; The kobold misses you.
Casting: Flame Tongue
Confirm with . or Enter, or press ? or * to list all spells.
Aiming: Flame Tongue
Press: ? - help, Shift-Dir - straight line, f - kobold
Aim: a kobold, wielding a short sword (severely wounded)
The flame tongue hits the kobold.
You kill the kobold!
The bat hits you but does no damage.
You hit the hobgoblin but do no damage. The hobgoblin barely misses you.
The bat misses you.
You hit the hobgoblin.
The hobgoblin is severely wounded.
The bat closely misses you. The bat hits you but does no damage.
The hobgoblin barely misses you.
You hit the hobgoblin but do no damage.
The hobgoblin is severely wounded.
The bat closely misses you. The hobgoblin hits you.
You die...

##########.#######
#..#.............#..
#.#...............#
##.$.....#.#.†.....#
#....(.#.#.#.#......
#.....##.#.#.##.....
#.......⌠#.#⌠. .....#
.#..#######.#######..#.#
...........<...g@bh.....
.#..#######.#######..#.#
.#... #.# # #... #.#
#.... #.# ##... #.#
.#... ... . ...


You could see a jackal, a hobgoblin and a bat.

Vanquished Creatures
  A bat (D:1)
  A jackal (D:1)
  A kobold (D:1)
3 creatures vanquished.

Notes
Turn   | Place    | Note
-------+----------+-------------------------------------------
     0 | D:1      | Zeege the Gargoyle Fire Elementalist began the quest for the Orb.
     0 | D:1      | Reached XP level 1. HP: 10/10 MP: 3/3
    51 | D:1      | Slain by a hobgoblin

Vault maps used:
D:1:      matt_arrival_grand_opening

Action                   || total
-------------------------++-------
Melee: Unarmed           ||    14
 Cast: Flame Tongue      ||     6
Armor: Robe              ||    13
Dodge: Dodged            ||    25

Table legend:
 A = Spawn XP
 B = Non-spawn XP
 C = Spawn XP percentage of total XP
 D = Spawn monster count
 E = Non-spawn monster count
 F = Spawn count percentage of total count
 G = Total turns spent on level
                    A         B        C        D         E        F      G
               +---------+---------+-------+---------+---------+-------+---------
         Total |       0 |       6 |   0.0 |       0 |       3 |   0.0 |    51
               +---------+---------+-------+---------+---------+-------+---------
           D:1 |       0 |       6 |   0.0 |       0 |       3 |   0.0 |    51
               +---------+---------+-------+---------+---------+-------+---------
